 Dungeon Crawl Stone Soup version 0.20.1-1-g8b1a95d (webtiles) character file.

3166 vatarom the Summoner (level 9, -3/61 (62) HPs)
             Began as a Merfolk Summoner on Sept 11, 2017.
             Was an Initiate of Ashenzari.
             Slain by an orc warrior
             ... wielding a +1 war axe of freezing
              (10 damage)
             ... on level 8 of the Dungeon on Sept 12, 2017.
             The game lasted 00:21:20 (8456 turns).

vatarom the Summoner (Merfolk Summoner)             Turns: 8456, Time: 00:21:20

HP:   -3/61 (62)    AC:  3    Str:  9    XL:     9   Next: 94%
MP:   10/18         EV: 13    Int: 20    God:    Ashenzari [......]
Gold: 387           SH:  0    Dex: 12    Spells: 4/21 levels left

rFire    . . .     SeeInvis .   h - +6 quarterstaff of the Crawling Thing {speed, rN+} (curse)
rCold    . . .     Gourm    .   (shield currently unavailable)
rNeg     + . .     Faith    .   r - +0 robe "Huecurug" {Int+3} (curse)
rPois    .         Spirit   .   t - +1 hat (curse)
rElec    .         Reflect  .   (no cloak)
rCorr    +         Harm     .   (no gloves)
MR       +....                  (no boots)
Stlth    ++........             k - amulet of regeneration
Regen    0.0/turn               m - ring of resist corrosion
MPRegen  0.2/turn               (no ring)

@: no status effects
A: change form in water, swift swim, stealthy swim, fangs 1, clumsy 1, magic
resistance 1, inhibited regeneration
a: Curse Item, Renounce Religion


You were on level 8 of the Dungeon.
You worshipped Ashenzari.
Ashenzari was noncommittal.
You were hungry.

You visited 2 branches of the dungeon, and saw 9 of its levels.

You collected 387 gold pieces.

Inventory:

Hand Weapons
 h - the cursed +6 quarterstaff of the Crawling Thing (weapon) {speed, rN+}
   (You found it on level 7 of the Dungeon)

   Attacks with this weapon are significantly faster.
   It protects you from negative energy.
   It has a curse placed upon it.
 z - a +0 glaive
Armour
 r - the cursed +0 robe "Huecurug" (worn) {Int+3}
   (You found it on level 5 of the Dungeon)

   It affects your intelligence (+3).
   It has a curse placed upon it.
 t - a cursed +1 hat (worn)
Jewellery
 k - an amulet of regeneration (around neck)
 m - a ring of resist corrosion (left hand)
Wands
 d - a wand of scattershot (2/9)
 i - a wand of acid (15/15)
 w - a wand of iceblast (5/15)
Scrolls
 g - 3 scrolls of magic mapping
 l - 3 scrolls of identify
 p - a scroll of blinking
 q - a scroll of enchant weapon
 u - a scroll of teleportation
 x - a scroll of fog
 y - a scroll of amnesia
 C - a scroll of enchant armour
 F - 3 scrolls of remove curse
Potions
 f - a potion of might
 s - a potion of flight {unknown}
 B - a potion of curing
Books
 b - a book of Callings

   Spells                             Type                      Level
   a - Summon Small Mammal            Summoning                    1
   b - Call Imp                       Summoning                    2
   c - Call Canine Familiar           Summoning                    3
   d - Summon Guardian Golem          Hexes/Summoning              3
   e - Summon Lightning Spire         Summoning/Air                4
   f - Summon Ice Beast               Ice/Summoning                4
 D - a book of Minor Magic

   Spells                             Type                      Level
   a - Magic Dart                     Conjuration                  1
   b - Blink                          Translocation                2
   c - Call Imp                       Summoning                    2
   d - Slow                           Hexes                        2
   e - Conjure Flame                  Conjuration/Fire             3
   f - Mephitic Cloud                 Conjuration/Poison/Air       3
Comestibles
 c - 10 bread rations
 n - 11 fruits
 o - 2 meat rations
 v - a royal jelly


   Skills:
 - Level 2.6 Fighting
 - Level 6.1 Polearms
 - Level 2.6 Dodging
 - Level 2.1 Stealth
 + Level 6.5 Spellcasting
 * Level 10.6 Summonings
 - Level 3.5 Ice Magic


You had 4 spell levels left.
You knew the following spells:

 Your Spells              Type           Power        Failure   Level  Hunger
a - Summon Small Mammal   Summ           ####         1%          1    None
b - Call Imp              Summ           #####...     1%          2    None
c - Call Canine Familiar  Summ           #####...     1%          3    #......
d - Summon Ice Beast      Ice/Summ       #####...     5%          4    ###....
e - Summon Lightning Spi  Summ/Air       ####....     11%         4    ###....
f - Conjure Flame         Conj/Fire      #.......     30%         3    #......


Dungeon Overview and Level Annotations

Branches:
Dungeon (8/15)             Temple (1/1) D:6
   Lair: D:8-11

Altars:
Ashenzari
Cheibriados
Dithmenos
Fedhas
Gozag
Hepliaklqana
Kikubaaqudgha
Makhleb
Nemelex Xobeh
Okawaru
Qazlal
Ru
Sif Muna
Trog
Uskayaw
Vehumet
Xom
Yredelemnul
Zin


Innate Abilities, Weirdness & Mutations

You revert to your normal form in water.
You are very nimble and swift while swimming.
You are very stealthy in the water. (Stealth+)
You have very sharp teeth.
You are clumsy. (Dex -2)
You are resistant to hostile enchantments. (MR+)
You do not regenerate when monsters are visible.


Message History

Your lightning spire is destroyed!
The orc warrior hits you with a war axe of freezing!
The orc warrior freezes you.
Found an uncursed enchanted pair of boots.
You closely miss the orc warrior.
The orc warrior is severely wounded.
The orc warrior misses you.
You barely miss the orc warrior.
The orc warrior is severely wounded.
You completely miss the orc warrior.
The orc warrior is severely wounded.
The orc warrior hits you with a war axe of freezing!
The orc warrior freezes you.
You are too injured to fight recklessly!
Casting: Summon Lightning Spire
Confirm with . or Enter, or press ? or * to list all spells.
The orc warrior hits you with a war axe of freezing!!
* * * LOW HITPOINT WARNING * * *
The orc warrior freezes you!
You die...

#.# #.# #.# #.# #.#
#.# ###.############
#.# .............<.#
#.#
#########.####.###.#
#.# #.#...# #.#
#.#.### #.# #..@#
#####.# ###o# #
#.....# #h# #
#.##### #)# # #.#
#)# # #.# #.# # #.#
#.# # #.# ..# # #.#
#[#


You could see an orc warrior and a friendly wolf.

Vanquished Creatures
  A hippogriff (D:8)
  An orc warrior (D:8)
  3 ice beasts
  A necrophage (D:7)
  A phantom (D:7)
  A centaur (D:8)
  A bullfrog (D:8)
  2 scorpions
  A howler monkey (D:6)
  A crimson imp (D:5)
  3 jellies
  3 hounds (D:6)
  4 orc wizards
  An iguana (D:6)
  2 worker ants
  3 hound skeletons
  A worker ant zombie (D:6)
  5 gnolls
  An adder (D:5)
  A shadow imp (D:7)
  An adder skeleton (D:8)
  A worm (D:2)
  A dart slug (D:2)
  2 leopard geckos
  10 orcs
  2 giant cockroaches (D:3)
  2 goblins (D:2)
  3 hobgoblins
  6 jackals
  4 kobolds
  3 quokkas
  A ball python (D:2)
  2 bats
  5 frilled lizards
  8 rats
88 creatures vanquished.

Vanquished Creatures (collateral kills)
  The ghost of acidapple the Changer, a novice DgTm (D:8)
  A hippogriff (D:7)
  A spriggan (D:7)
  Menkaure (D:6)
  Edmund (D:5)
  A water moccasin (D:5)
  An ice beast (D:7)
  An orc warrior (D:6)
  Duvessa (D:6)
  A necrophage (D:7)
  A phantom (D:8)
  2 centaurs
  2 bullfrogs (D:6)
  Dowan (D:6)
  A wyvern skeleton (D:6)
  2 scorpions
  2 centaur zombies
  3 orc priests
  A bullfrog skeleton (D:6)
  A hound (D:8)
  10 orc wizards
  2 worker ants (D:6)
  3 gnolls
  7 adders
  A shadow imp (D:6)
  2 oozes (D:3)
  A worm (D:2)
  4 leopard geckos
  15 orcs
  2 ball pythons
  2 giant cockroaches (D:3)
  2 goblins (D:1)
  2 hobgoblins
  5 jackals
  3 quokkas
  3 bats (D:1)
  2 frilled lizards
  5 kobolds
  A leopard gecko skeleton (D:6)
  3 rats (D:2)
101 creatures vanquished.

Vanquished Creatures (others)
  A gnoll shaman (D:5)
  An orc wizard (D:5)
  A worker ant (D:5)
  A jackal (D:5)
4 creatures vanquished.

Grand Total: 193 creatures vanquished

Notes
Turn   | Place    | Note
-------+----------+-------------------------------------------
     0 | D:1      | vatarom the Merfolk Summoner began the quest for the Orb.
     0 | D:1      | Reached XP level 1. HP: 13/13 MP: 3/3
   333 | D:1      | Reached XP level 2. HP: 18/20 MP: 3/5
   337 | D:1      | Learned a level 2 spell: Call Imp
   801 | D:2      | Reached skill level 1 in Fighting
   861 | D:2      | Found a sparkling altar of Nemelex Xobeh.
  1085 | D:2      | Reached XP level 3. HP: 26/26 MP: 3/6
  1091 | D:2      | Learned a level 3 spell: Call Canine Familiar
  1539 | D:2      | Found a glowing silver altar of Zin.
  1713 | D:2      | Noticed a moth of wrath
  1716 | D:2      | Found a bloodstained altar of Trog.
  1756 | D:2      | Reached XP level 4. HP: 32/32 MP: 2/7
  2191 | D:3      | Reached skill level 5 in Summonings
  2820 | D:3      | Reached XP level 5. HP: 34/38 MP: 1/9
  4012 | D:5      | Entered Level 5 of the Dungeon
  4028 | D:5      | Reached skill level 1 in Polearms
  4028 | D:5      | Reached XP level 6. HP: 22/46 MP: 4/10
  4071 | D:5      | Learned a level 4 spell: Summon Ice Beast
  4155 | D:5      | Noticed Edmund
  4171 | D:5      | Killed Edmund
  4171 | D:5      | Reached skill level 6 in Summonings
  4250 | D:5      | Noticed a water moccasin
  4258 | D:5      | Got a fine robe
  4267 | D:5      | Killed a water moccasin
  4347 | D:5      | Identified the +0 robe "Huecurug" {Int+3} (You found it on level 5 of the Dungeon)
  4407 | D:5      | Reached XP level 7. HP: 51/51 MP: 6/12
  4462 | D:5      | Gained mutation: Your spells are a little easier to cast, but a little less powerful. [potion of mutation]
  4462 | D:5      | Lost mutation: Your spells are a little easier to cast, but a little less powerful. [potion of mutation]
  4462 | D:5      | Gained mutation: You are partially covered in large bone plates. (SH +4) [potion of mutation]
  4494 | D:5      | Found a shimmering altar of Xom.
  4907 | D:6      | Noticed Duvessa
  4907 | D:6      | Noticed Dowan
  5233 | D:6      | Reached skill level 5 in Polearms
  5242 | D:6      | Killed Duvessa
  5242 | D:6      | Reached skill level 7 in Summonings
  5247 | D:6      | Killed Dowan
  5333 | D:6      | Found a sacrificial altar of Ru.
  5431 | D:6      | Reached XP level 8. HP: 46/57 MP: 11/14
  5435 | D:6      | Found a basalt altar of Yredelemnul.
  5440 | D:6      | Noticed Menkaure
  5451 | D:6      | Killed Menkaure
  5601 | D:6      | Found a blossoming altar of Fedhas.
  5798 | D:6      | Reached skill level 1 in Ice Magic
  5863 | D:6      | Found a staircase to the Ecumenical Temple.
  5869 | Temple   | Entered the Ecumenical Temple
  6205 | D:6      | Found a shadowy altar of Dithmenos.
  6659 | D:7      | Reached skill level 8 in Summonings
  6704 | D:7      | Got a pitted quarterstaff
  6705 | D:7      | Identified the +6 quarterstaff of the Crawling Thing {speed, rN+} (You found it on level 7 of the Dungeon)
  6946 | D:7      | Reached skill level 5 in Spellcasting
  6994 | D:7      | Noticed a spriggan baker
  7002 | D:7      | Killed a spriggan baker
  7002 | D:7      | Reached XP level 9. HP: 42/61 MP: 11/16
  7157 | D:7      | Reached skill level 9 in Summonings
  7205 | D:7      | Learned a level 4 spell: Summon Lightning Spire
  7217 | D:7      | Found a shattered altar of Ashenzari.
  7233 | D:7      | Became a worshipper of Ashenzari the Shackled
  7695 | D:8      | Found a sacrificial altar of Ru.
  7705 | D:8      | Noticed acidapple's ghost (novice DgTm)
  7724 | D:8      | Killed acidapple's ghost
  7724 | D:8      | Reached skill level 10 in Summonings
  7992 | D:8      | Learned a level 3 spell: Conjure Flame
  8152 | D:8      | Lost mutation: You are partially covered in large bone plates. (SH +4) [potion of mutation]
  8152 | D:8      | Gained mutation: You have very sharp teeth. [potion of mutation]
  8152 | D:8      | Gained mutation: You are clumsy. (Dex -2) [potion of mutation]
  8152 | D:8      | Gained mutation: You do not regenerate when monsters are visible. [potion of mutation]
  8152 | D:8      | Gained mutation: You are resistant to hostile enchantments. (MR+) [potion of mutation]
  8456 | D:8      | Slain by an orc warrior

Skill      XL: |  1  2  3  4  5  6  7  8  9 |
---------------+----------------------------+-----
Fighting       | 1 2 |  2.6
Summonings     | 5 6 7 8 10 | 10.6
Polearms       | 1 3 5 6 |  6.1
Spellcasting   | 3 4 5 6 |  6.5
Ice Magic      | 3 |  3.5
Dodging        | |  2.6
Stealth        | |  2.1

Action                   |  1- 3 |  4- 6 |  7- 9 || total
-------------------------+-------+-------+-------++-------
Melee: Short sword       |    57 |    57 |       ||   114
       Unarmed           |     4 |       |       ||     4
       Rapier            |       |    25 |       ||    25
       Halberd           |       |    40 |   119 ||   159
       Quarterstaff      |       |       |   126 ||   126
       Bite              |       |       |     2 ||     2
 Cast: Summon Small Mamm |    10 |       |       ||    10
       Call Imp          |    11 |    14 |    18 ||    43
       Call Canine Famil |     9 |    21 |    22 ||    52
       Summon Ice Beast  |       |       |    18 ||    18
       Summon Lightning  |       |       |    10 ||    10
Invok: Curse Item        |       |       |     3 ||     3
  Use: Scroll            |     4 |     9 |     4 ||    17
       Potion            |     1 |     5 |     7 ||    13
 Stab: Sleeping          |     4 |     6 |     4 ||    14
       Distracted        |       |       |     6 ||     6
  Eat: Chunk             |     4 |       |     5 ||     9
       Meat ration       |       |     1 |     1 ||     2
       Bread ration      |       |     2 |     1 ||     3
       Fruit             |       |     1 |       ||     1
       Royal jelly       |       |       |     1 ||     1
Armor: Robe              |     8 |    26 |    19 ||    53
Dodge: Dodged            |    63 |   104 |   147 ||   314
Block: Other             |       |       |    36 ||    36
